 Dungeon Crawl Stone Soup version 0.23.2 (webtiles) character file.

Game seed: 10276879098919115017

327 dvd the Chopper (level 6, -10/59 HPs)
             Began as a Troll Gladiator on Apr 2, 2019.
             Mangled by Blork the orc
             ... wielding a +0 scimitar
              (13 damage)
             ... on level 4 of the Dungeon.
             The game lasted 00:05:47 (2832 turns).

dvd the Chopper (Troll Gladiator)                   Turns: 2832, Time: 00:05:48

Health: -10/59     AC:  6    Str: 24    XL:     6   Next: 24%
Magic:  5/5        EV: 11    Int:  4    God:
Gold:   197        SH:  0    Dex: 12    Spells: 5/5 levels left

rFire    . . .     SeeInvis .   a - +1 war axe
rCold    . . .     Gourm    +   (no shield)
rNeg     . . .     Faith    .   b - +0 robe
rPois    +         Spirit   .   c - +0 hat
rElec    .         Reflect  .   (no cloak)
rCorr    .         Harm     .   (gloves unavailable)
MR       .....                  (boots unavailable)
Stlth    +.........             (no amulet)
HPRegen  0.59/turn              (no ring)
MPRegen  0.09/turn              v - ring of poison resistance

@: no status effects
A: large, unfitting armour, claws 3, fast metabolism 3, gourmand, regeneration
1, shaggy fur 1, tough skin 3
a: no special abilities


You were on level 4 of the Dungeon.
You were completely stuffed.

You visited 1 branch of the dungeon, and saw 4 of its levels.

You collected 197 gold pieces.

Inventory:

Hand Weapons
 a - a +1 war axe (weapon)
 n - a +0 mace
 x - a +5 falchion of freezing
Missiles
 d - 3 throwing nets
 l - a javelin (quivered)
Armour
 b - a +0 robe (worn)
 c - a +0 hat (worn)
Jewellery
 v - a ring of poison resistance (right claw)
Wands
 m - a wand of polymorph (10)
Scrolls
 g - a scroll of teleportation
 h - 2 scrolls of identify
 j - 2 scrolls of fear {unknown}
 p - a scroll of amnesia {unknown}
 q - a scroll of enchant armour {unknown}
 w - a scroll of immolation {unknown}
Potions
 e - a potion of might {unknown}
 i - 2 potions of degeneration {unknown}
 k - a potion of haste {unknown}
 o - a potion of curing {unknown}
 r - a potion of ambrosia {unknown}
 s - a potion of heal wounds {unknown}
 t - a potion of brilliance
 u - a potion of magic {unknown}
Comestibles
 f - 6 rations
 z - 2 chunks of flesh


   Skills:
 + Level 2.5 Fighting
 + Level 4.4 Axes
 + Level 2.6 Throwing
 + Level 3.1 Dodging
 + Level 0.7 Stealth
 + Level 0.4 Unarmed Combat


You had 5 spell levels left.
You didn't know any spells.
Your spell library was empty.

Dungeon Overview and Level Annotations

Branches:
Dungeon (4/15)
 Temple: D:4-7

Altars:

Annotations:
D:4 Blork the orc


Innate Abilities, Weirdness & Mutations

You are too large for most types of armour.
You have claws for hands.
Your metabolism is lightning-fast.
You like to eat raw meat.
Your natural rate of healing is unusually fast.
You are covered in fur. (AC +1)
You have extremely tough skin. (AC +3)


Message History

The magic dart hits you!
You closely miss something. Something hits you but does no damage.
You barely miss something.
You hear some strange, mumbled words.
A puff of flame appears from out of thin air!
The puff of flame misses you.
You hear some strange, mumbled words.
A magic dart appears from out of thin air!
The magic dart hits you.
You hit something. Something hits you.
You miss something. Something hits you.
* * * LOW HITPOINT WARNING * * *
You closely miss something. Something hits you!
* * * LOW HITPOINT WARNING * * *
Unknown command.
Okay, then.
Unknown command.
You closely miss something. Something completely misses you.
You closely miss something. Something hits you!
You die...

...... ##.....
...... .........
......# ........
...... (........
#.... ...... .#
#...##...# ..#
#?...#...##...##
#..{@..#.......#
######.#..##..(##
#...........
#......(....
#..<#.......
##.######### ###


There were no monsters in sight!

Vanquished Creatures
  Eustachio (D:3)
  Natasha (D:4)
  A worker ant (D:4)
  Robin (D:2)
  2 adders (D:2)
  2 oozes (D:1)
  4 dart slugs
  3 leopard geckos
  4 orcs (D:3)
  6 bats
  15 giant cockroaches
  18 goblins
  5 hobgoblins (D:2)
  6 jackals (D:1)
  A ball python (D:1)
  5 frilled lizards
  8 kobolds
  9 rats
92 creatures vanquished.

Notes
Turn   | Place    | Note
-------+----------+-------------------------------------------
     0 | D:1      | dvd the Troll Gladiator began the quest for the Orb.
     0 | D:1      | Reached XP level 1. HP: 19/19 MP: 0/0
   141 | D:1      | Reached XP level 2. HP: 27/27 MP: 1/1
   310 | D:1      | Reached skill level 3 in Axes
   383 | D:1      | Reached XP level 3. HP: 33/33 MP: 2/2
  1030 | D:2      | Noticed Robin
  1040 | D:2      | Killed Robin
  1040 | D:2      | Reached XP level 4. HP: 36/42 MP: 3/3
  2218 | D:3      | Reached XP level 5. HP: 49/49 MP: 4/4
  2727 | D:4      | Noticed Eustachio
  2751 | D:3      | Killed Eustachio
  2751 | D:3      | Reached skill level 4 in Axes
  2751 | D:3      | Reached XP level 6. HP: 52/59 MP: 5/5
  2793 | D:4      | Noticed Natasha
  2802 | D:4      | Killed Natasha
  2803 | D:4      | Noticed Blork the orc
  2830 | D:4      | HP: 1/59 [something (15)]
  2832 | D:4      | Mangled by Blork the orc

Skill      XL: |  1  2  3  4  5 |
---------------+----------------+-----
Axes           | 3 4 |  4.4
Fighting       | 2 |  2.5
Throwing       | 2 |  2.6
Dodging        | 3 |  3.1
Stealth        | |  0.7
Unarmed Combat | |  0.4

Action                   |  1- 3 |  4- 6 || total
-------------------------+-------+-------++-------
Melee: War axe           |    86 |    85 ||   171
       Unarmed           |       |     7 ||     7
Throw: Javelin           |     5 |    35 ||    40
  Use: Scroll            |       |     5 ||     5
 Stab: Sleeping          |     1 |     2 ||     3
  Eat: Chunk             |    11 |    21 ||    32
Armor: Robe              |    42 |    29 ||    71
       Skin              |       |     1 ||     1
Dodge: Dodged            |    67 |    70 ||   137
